 Dungeon Crawl Stone Soup version 0.30-b1-5-g8e6c1be481 (webtiles) character file.

Game seed: 13145796637872985388

5 javelincjr the Magician (level 1, 11/15 HPs)
             Began as a Djinni Earth Elementalist on May 3, 2023.
             Was a Follower of Zin.
             Quit the game on level 1 of the Dungeon.
             The game lasted 00:00:45 (132 turns).

javelincjr the Magician (Djinni Earth Elementalist)  Turns: 132, Time: 00:00:46

Health: 11/15      AC:  3    Str:  7    XL:     1   Next: 88%
Gold:   0          EV: 12    Int: 16    God:    Zin [*.....] SH:  0 Dex: 13

rFire   + + .        (no weapon)
rCold   x . .        (no shield)
rNeg    . . .        a - +0 robe
rPois   ∞            (no helmet)
rElec   .            (no cloak)
rCorr   .            b - +0 pair of gloves
SInv    .            (boots unavailable)
Will    .....        (no amulet)
Stlth   ++           (no ring)
HPRegen 0.22/turn    (no ring)
MPRegen 0.00/turn

%: no passive effects
@: flying
A: sickness immunity, fire resistance 2, cold vulnerability 1, float, innate
caster, HP casting, extra vitality 1
a: Renounce Religion, Recite, Donate Gold


You were on level 1 of the Dungeon.
You worshipped Zin.
Zin was aware of your devotion.
You visited 1 branch of the dungeon, and saw 1 of its levels.

Inventory:

Armour
 a - a +0 robe (worn)
 b - a +0 pair of gloves (worn)


   Skills:
 + Level 2.2 Dodging
 + Level 1.6 Stealth
 + Level 2.6 Spellcasting


You knew the following spells:

 Your Spells              Type           Power      Damage    Failure   Level
a - Sandblast             Erth           20%        2d7       6%          1
b - Passwall              Tmut/Erth      8%         N/A       10%         2
c - Stone Arrow           Conj/Erth      20%        3d8       19%         3
d - Petrify               Tmut/Erth      10%        N/A       54%         4
Your spell library was empty.

Dungeon Overview and Level Annotations

Branches:
Dungeon (1/15)

Altars:
Zin


Innate Abilities, Weirdness & Mutations

You are immune to sickness and miasma.
You are immune to poison.
Your flesh is very heat resistant. (rF++)
You are vulnerable to cold. (rC-)
You float through the air rather than walking.
You learn spells naturally, not from books.
Your magical power is your life essence.
You have superior vitality. (+4 MHP)


Message History

You kill the kobold!
You can't see any susceptible monsters within range! (Use Z to cast anyway.)
You reach down and open the door.
Found a war axe.
There is an open door here.
You see here a +0 war axe.
You reach down and open the door. 2 frilled lizards come into view.
Found six human skeletons and a minotaur skeleton.
The frilled lizard hisses angrily. x2
The frilled lizard completely misses you.
There is an open door here.
The blast of sand hits the frilled lizard!
You kill the frilled lizard!
The blast of sand hits the frilled lizard.
You kill the frilled lizard!
You can't see any susceptible monsters within range! (Use Z to cast anyway.)
A hobgoblin comes into view.
Found a human skeleton.
Found a faded altar of an unknown god.
The hobgoblin shouts!
You hear a shout!
A goblin comes into view. It is wielding a +0 club.
You see here a frilled lizard corpse.
The hobgoblin hits you.
You hit the hobgoblin but do no damage. The hobgoblin hits you.
You closely miss the hobgoblin. The hobgoblin barely misses you.
The blast of sand hits the hobgoblin!
You kill the hobgoblin!
The blast of sand hits the goblin!
You kill the goblin!
You can't see any susceptible monsters within range! (Use Z to cast anyway.)
A rat comes into view.
No reachable target in view!
You see here a minotaur skeleton.
You see here a human skeleton.
There is a faded altar of an unknown god here.
This altar belongs to (a) Qazlal, (b) Zin or (c) Trog, but you can't tell which.
Press the corresponding letter to learn more about a god, or press enter to convert or escape to cancel.
Zin accepts your prayer! Zin welcomes you!
You can now donate money to Zin.
You can now recite Zin's Axioms of Law.
Are you sure you want to abandon this character and quit the game? (Confirm with "yes".)

.# #. .####. # #...
#.....#. .)#####.
########### ##
#.........#### #
..#######..........#####
..#÷...@#.......##)##...
.#.÷....#...........'...
..8÷...÷#........#.##.(.
...÷...÷#........#.##...
.....÷).#........#......
........#........####.).
..8...÷.#..........##.).
...8.8.†#..........##...
...#####'######....##...


There were no monsters in sight!

Vanquished Creatures
  A hobgoblin (D:1)
  A kobold (D:1)
  2 frilled lizards (D:1)
  A goblin (D:1)
  A rat (D:1)
6 creatures vanquished.

Notes
Turn   | Place    | Note
-------+----------+-------------------------------------------
     0 | D:1      | javelincjr the Djinni Earth Elementalist began the quest
                  | for the Orb.
     0 | D:1      | javelincjr set off with the following spells memorised:
                  | Sandblast, Passwall, Stone Arrow, Petrify.
     0 | D:1      | Reached XP level 1. HP: 15/15 MP: 0/0
   107 | D:1      | Found a faded altar of an unknown god.
   131 | D:1      | Prayed at the altar of an unknown god.
   131 | D:1      | Became a worshipper of Zin the Law-Giver
   131 | D:1      | Reached * piety under Zin
   132 | D:1      | Quit the game

Illustrated notes

Levels and vault maps discovered:
D:1:      dpeg_arrival_another_circle, layout_basic,
          shapermc_ecumenical_altar_pompeii, minmay_misc_feat_chi

Action                     || total
---------------------------++-------
  Melee: Unarmed           ||     2
   Cast: Sandblast         ||     8
  Dodge: Dodged            ||     2
